 Dungeon Crawl Stone Soup version 0.29.0-4-gdea44cf6ec (webtiles) character file.

Game seed: 14162397103471950980

286 qw the Chopper (level 6, 0/35 HPs)
             Began as a Tengu Warper on Aug 28, 2022.
             Succumbed to a scorpion's poison
             ... on level 4 of the Dungeon.
             The game lasted 00:00:22 (4319 turns).

qw the Chopper (Tengu Warper)                       Turns: 4319, Time: 00:00:23

Health: 0/35       AC: 12    Str: 14    XL:     6   Next: 30%
Magic:  10/10      EV:  8    Int: 13    God:
Gold:   200        SH:  0    Dex: 13    Spells: 9/9 levels left

rFire   . . .      SeeInvis .   Y - +0 hand axe
rCold   + . .      Faith    .   (no shield)
rNeg    + . .      Spirit   .   a - +0 chain mail
rPois   .          Reflect  .   (helmet restricted)
rElec   .          Harm     .   (no cloak)
rCorr   .          Rampage  .   (no gloves)
Will    .....                   (boots unavailable)
Stlth   ..........              (no amulet)
HPRegen 0.11/turn               g - ring of positive energy
MPRegen 0.12/turn               o - +4 ring of protection

@: lethally poisoned (0 -> -3), flying quickly and evasively, quick
A: beak, talons 3, nimble flight, cold resistance 1
a: no special abilities


You were on level 4 of the Dungeon.
You visited 1 branch of the dungeon, and saw 4 of its levels.

You collected 200 gold pieces.


Innate Abilities, Weirdness & Mutations

You have a beak for a mouth.
You have claws for feet.
Your magical nature lets you fly swiftly and evasively.
Your flesh is cold resistant. (rC+)


   Skills:
 - Level 2.0 Fighting
 + Level 6.6 Axes
 - Level 1.0 Throwing
 - Level 2.4 Armour
 - Level 2.1 Dodging
 - Level 2.0 Spellcasting
 - Level 2.4 Translocations


You had 9 spell levels left.
You didn't know any spells.
Your spell library contained the following spells:

 Spells                   Type           Power      Damage    Failure   Level
 Blink                    Tloc           14%        N/A       98%         2
 Gell's Gravitas          Tloc           7%         N/A       100%        3
 Lesser Beckoning         Tloc           7%         N/A       100%        3
 Teleport Other           Tloc           7%         N/A       100%        3
 Manifold Assault         Tloc           7%         N/A       100%        5

Inventory:

Hand Weapons
 j - a +0 whip of freezing
 Y - a +0 hand axe (weapon)
Armour
 a - a +0 chain mail (worn)
Jewellery
 g - a ring of positive energy (left hand)
 o - a +4 ring of protection (right hand)
Scrolls
 h - a scroll of identify
Potions
 c - a potion of haste
 e - a potion of curing
 k - a potion of flight {unknown}
 l - a potion of brilliance {unknown}
 m - a potion of lignification {unknown}
 n - 2 potions of mutation

Dungeon Overview and Level Annotations

Branches:
Dungeon (4/15)             Temple (0/1) D:4

Altars:
Qazlal

Shops:
D:1 *


Message History

You closely miss the scorpion.
You claw the scorpion, but do no damage.
The scorpion stings you.
You are poisoned.
The scorpion poisons you!
You hit the scorpion but do no damage. You claw the scorpion.
You peck the scorpion, but do no damage.
The scorpion is lightly wounded.
You hit the ogre but do no damage.
You feel very sick. The scorpion closely misses you.
The ogre hits you with a +0 giant spiked club!
You closely miss the scorpion. You peck the scorpion.
The scorpion is lightly wounded.
You hit the ogre.
You feel sick.
The scorpion stings you but does no damage.
You hit the scorpion. Your kick misses the scorpion.
The scorpion is heavily wounded.
You hit the ogre.
You feel sick.
The ogre hits you with a +0 giant spiked club!
The scorpion closely misses you.
You hit the scorpion.
You claw the scorpion, but do no damage.
Your peck misses the scorpion.
The scorpion is heavily wounded.
You closely miss the ogre.
You feel sick.
The scorpion stings you but does no damage.
The ogre barely misses you.
You closely miss the scorpion.
You claw the scorpion, but do no damage.
The scorpion is heavily wounded.
You hit the ogre but do no damage.
You feel sick. The scorpion stings you. The scorpion closely misses you.
You closely miss the scorpion.
The scorpion is heavily wounded.
You hit the ogre.
You die...

#.# #.# .....}.}... #.#
#.# ....8.>!8..# #.# #.#
.....}.}...# #.# #.#
....8.8?8..# #.# #.#
...........#.##.###.####
...#....##.#............
#.......##.####.##.#####
......s@.[....%..#.#
......O#.........#.#
..$....#.........#.#
.......#.........#.#
.......#.........#.+
.......###.####.####
....).. ...# #+#
........####


You could see an ogre and a scorpion.

Vanquished Creatures
  An ogre (D:3)
  A scorpion (D:4)
  An iguana (D:4)
  2 adders
  2 worms
  5 dart slugs
  An orc (D:3)
  6 ball pythons
  5 endoplasms
  2 giant cockroaches
  19 goblins
  5 hobgoblins
  6 jackals (D:2)
  7 kobolds
  2 quokkas
  7 bats
  6 frilled lizards
  5 rats
83 creatures vanquished.

Notes
Turn   | Place    | Note
-------+----------+-------------------------------------------
     0 | D:1      | qw the Tengu Warper began the quest for the Orb.
     0 | D:1      | Reached XP level 1. HP: 12/12 MP: 4/4
     0 | D:1      | 0 ||| qw: Version: 0.1-a-89-g26bdef1
     0 | D:1      | 0 ||| qw: Game counter: 1973
     0 | D:1      | 0 ||| qw: Always use a shield: true
     0 | D:1      | 0 ||| qw: God list: Okawaru
     0 | D:1      | 0 ||| qw: Allow faded altars: false
     0 | D:1      | 0 ||| qw: Do Orc after D:15 true
     0 | D:1      | 0 ||| qw: Do second Lair branch before Depths: true
     0 | D:1      | 0 ||| qw: Lair rune preference: random
     0 | D:1      | 0 ||| qw: Plans: Normal
     0 | D:1      | 0 ||| PLANNING D:1-11
   113 | D:1      | Reached skill level 3 in Axes
   113 | D:1      | Reached XP level 2. HP: 17/17 MP: 6/6
   147 | D:1      | 147 ||| Stepping ~*~*~tactically~*~*~ (stealth).
   390 | D:1      | Reached XP level 3. HP: 19/21 MP: 7/7
   519 | D:1      | Found Qunes's General Store.
   528 | D:1      | 528 ||| SHOPLISTING +0 scale mail (52 gold, have 0).
   528 | D:1      | 528 ||| SHOPLISTING +6 ring of dexterity (468 gold, have
                  | 0).
   528 | D:1      | 528 ||| SHOPLISTING +9 war axe "Leviticus" {vorpal, Contam
                  | rCorr Dex+2} (798 gold, have 0).
   528 | D:1      | 528 ||| SHOPLISTING scroll of identify (26 gold, have 0).
   599 | D:1      | Noticed a shining eye
   601 | D:1      | Found a faded altar of an unknown god.
   606 | D:1      | Reached skill level 4 in Axes
   607 | D:1      | Noticed a golden eye
   607 | D:1      | Noticed a golden eye
   607 | D:1      | Noticed a golden eye
   614 | D:1      | 614 ||| Stepping ~*~*~tactically~*~*~ (hiding).
   716 | D:1      | 716 ||| Stepping ~*~*~tactically~*~*~ (hiding).
   818 | D:1      | 818 ||| Stepping ~*~*~tactically~*~*~ (hiding).
   936 | D:1      | 936 ||| DROPPING +0 club.
  1106 | D:1      | 1106 ||| UPGRADING to ring of positive energy.
  1107 | D:1      | 1107 ||| READING 3 scrolls labelled AMNIEV GYOMOT.
  1108 | D:1      | 1108 ||| READING 2 scrolls labelled ROSOPHEENG.
  1109 | D:1      | 1109 ||| DRINKING 2 murky yellow potions.
  1110 | D:1      | 1110 ||| DROPPING 2 scrolls of immolation.
  1111 | D:1      | 1111 ||| DROPPING scroll of blinking.
  1157 | D:2      | 1157 ||| Stepping ~*~*~tactically~*~*~ (hiding).
  1536 | D:2      | Reached XP level 4. HP: 26/26 MP: 8/8
  1865 | D:2      | Found a stormy altar of Qazlal.
  2075 | D:2      | 2075 ||| UPGRADING to +0 chain mail.
  2085 | D:2      | 2085 ||| DROPPING +0 leather armour.
  2086 | D:2      | 2086 ||| UPGRADING to +4 ring of protection.
  2087 | D:2      | 2087 ||| READING scroll labelled ICWI QUDESHUFEMI.
  2088 | D:2      | 2088 ||| READING 3 scrolls of identify.
  2088 | D:2      | 2088 ||| IDENTIFYING fizzy red potion
  2089 | D:2      | 2089 ||| READING 2 scrolls of identify.
  2089 | D:2      | 2089 ||| IDENTIFYING blue potion
  2090 | D:2      | 2090 ||| DROPPING potion of invisibility.
  2091 | D:2      | 2091 ||| DROPPING potion of degeneration.
  2391 | D:3      | 2391 ||| Stepping ~*~*~tactically~*~*~ (stealth).
  2392 | D:3      | 2392 ||| Stepping ~*~*~tactically~*~*~ (stealth).
  2393 | D:3      | 2393 ||| Stepping ~*~*~tactically~*~*~ (stealth).
  2394 | D:3      | 2394 ||| Stepping ~*~*~tactically~*~*~ (stealth).
  2395 | D:3      | 2395 ||| Stepping ~*~*~tactically~*~*~ (stealth).
  2396 | D:3      | 2396 ||| Stepping ~*~*~tactically~*~*~ (stealth).
  2397 | D:3      | 2397 ||| Stepping ~*~*~tactically~*~*~ (stealth).
  2398 | D:3      | 2398 ||| Stepping ~*~*~tactically~*~*~ (stealth).
  2399 | D:3      | 2399 ||| Stepping ~*~*~tactically~*~*~ (stealth).
  2400 | D:3      | 2400 ||| Stepping ~*~*~tactically~*~*~ (stealth).
  2401 | D:3      | 2401 ||| Stepping ~*~*~tactically~*~*~ (stealth).
  2402 | D:3      | 2402 ||| Stepping ~*~*~tactically~*~*~ (stealth).
  2403 | D:3      | 2403 ||| Stepping ~*~*~tactically~*~*~ (stealth).
  2449 | D:3      | Reached skill level 5 in Axes
  2673 | D:3      | Noticed an ogre
  2675 | D:3      | 2675 ||| Stepping ~*~*~tactically~*~*~ (stealth).
  2685 | D:3      | Killed an ogre
  2686 | D:3      | Reached skill level 6 in Axes
  2686 | D:3      | Gained mutation: Your magical nature lets you fly swiftly
                  | and evasively. [Tengu growth]
  2686 | D:3      | Reached XP level 5. HP: 30/30 MP: 9/9
  2688 | D:3      | 2688 ||| Stepping ~*~*~tactically~*~*~ (stealth).
  2704 | D:3      | 2704 ||| Stepping ~*~*~tactically~*~*~ (stealth).
  3368 | D:3      | 3368 ||| READING scroll labelled ZAESAGR HEPLE.
  3369 | D:3      | 3369 ||| READING scroll labelled WIVVONW BEDUNK.
  3370 | D:3      | 3370 ||| READING scroll labelled XOC HULIRE.
  3482 | D:3      | 3482 ||| READING scroll labelled IBALYU PIVEMU.
  3483 | D:3      | 3483 ||| DRINKING 3 viscous yellow potions.
  3483 | D:3      | Gained mutation: Your flesh is cold resistant. (rC+)
                  | [potion of mutation]
  3484 | D:3      | 3484 ||| READING 2 scrolls of identify.
  3484 | D:3      | 3484 ||| IDENTIFYING inky potion
  3485 | D:3      | 3485 ||| DROPPING potion of ambrosia.
  3486 | D:3      | 3486 ||| Stepping randomly (stuck).
  3487 | D:3      | 3487 ||| Stepping ~*~*~tactically~*~*~ (cloud).
  3884 | D:4      | Reached XP level 6. HP: 20/35 MP: 10/10
  4200 | D:4      | 4200 ||| Stepping ~*~*~tactically~*~*~ (hiding).
  4200 | D:4      | Found a staircase to the Ecumenical Temple.
  4201 | D:4      | 4201 ||| PLANNING TEMPLE
  4316 | D:4      | HP: 6/35 [ogre/+0 giant spiked club (9)]
  4318 | D:4      | HP: 1/35 [scorpion (3)]
  4319 | D:4      | Succumbed to a scorpion's poison

Levels and vault maps discovered:
D:1:      wander_arrival_peaceful_grave, layout_rooms,
          hellmonk_ecumenical_altar_watching_god, serial_shops,
          nicolae_shop_competitors_out_of_business, grunt_decor_mini_mirrors,
          hex_medium
D:2:      layout_basic, basic_altar, roderic_lattice_a,
          chequers_serial_rivers_micro_a
D:3:      layout_basic, minmay_ogre_servants
D:4:      layout_basic, lemuel_zombie_altar_yredelemnul,
          minmay_temple_entry_statues_fountains, cheibrodos_gnoll_hut

Skill      XL: |  1  2  3  4  5 |
---------------+----------------+-----
Axes           | 3 4 6 |  6.6
Armour         | 2 |  2.4
Fighting       | |  2.0
Throwing       | |  1.0
Dodging        | |  2.1
Spellcasting   | |  2.0
Translocations | |  2.4

Action                   |  1- 3 |  4- 6 || total
-------------------------+-------+-------++-------
Melee: Hand axe          |    99 |   121 ||   220
       Kick              |    17 |    40 ||    57
       Peck              |     5 |    24 ||    29
       Punch             |     1 |     1 ||     2
Throw: Boomerang         |     7 |       ||     7
  Use: Scroll            |     2 |     8 ||    10
       Potion            |     1 |     1 ||     2
Armor: Leather armour    |    36 |     8 ||    44
       Chain mail        |       |    38 ||    38
Dodge: Dodged            |    52 |    42 ||    94

Table legend:
 A = Non-vault XP
 B = Vault XP
 C = Vault XP percentage of total XP
 D = Non-vault monster count
 E = Vault monster count
 F = Vault count percentage of total count
                 A         B        C        D         E       F
            +---------+---------+-------+---------+---------+-------
      Total |     285 |     124 |  30.3 |      75 |       8 |   9.6
            +---------+---------+-------+---------+---------+-------
        D:1 |      55 |       0 |   0.0 |      31 |       0 |   0.0
        D:2 |      44 |       0 |   0.0 |      24 |       0 |   0.0
        D:3 |      38 |     124 |  76.5 |      14 |       8 |  36.4
        D:4 |     148 |       0 |   0.0 |       6 |       0 |   0.0
            +---------+---------+-------+---------+---------+-------
